 Dungeon Crawl Stone Soup version 0.28.0-43-g3370ac3207 (webtiles) character file.

Game seed: 1824018769185220786

7498 croobank the Arsonist (level 10, -5/62 HPs)
             Began as a Pale Draconian Fire Elementalist on Mar 21, 2022.
             Was a Priest of Hepliaklqana.
             Slain by a boulder beetle (27 damage)
             ... on level 11 of the Dungeon.
             The game lasted 00:36:59 (11884 turns).

croobank the Arsonist (DrFE)                       Turns: 11884, Time: 00:36:59

Health: -5/62      AC:  7    Str: 21    XL:     10   Next: 95%
Magic:  18/20      EV: 14    Int: 20    God:    Hepliaklqana [***...]
Gold:   675        SH:  0    Dex: 12    Spells: 4/23 levels left

rFire   . . .      SeeInvis .   a - +2 short sword of Pamaos {flame, Str+5}
rCold   . . .      Faith    .   (no shield)
rNeg    . . .      Spirit   .   (armour unavailable)
rPois   .          Reflect  .   (helmet restricted)
rElec   .          Harm     .   (no cloak)
rCorr   .          Rampage  .   (no gloves)
Will    .....                   (no boots)
Stlth   ++++......              U - amulet of magic regeneration
HPRegen 0.20/turn               i - +6 ring of strength
MPRegen 0.57/turn               p - ring of wizardry

@: no status effects
A: reduced essence, breathe steam, AC +7, unfitting armour, cold-blooded, steam
resistance
a: Breathe Steam, Renounce Religion, Recall Ancestor, Ancestor Identity,
Transference


You were on level 11 of the Dungeon.
You worshipped Hepliaklqana.
Hepliaklqana was most pleased with you.
You visited 2 branches of the dungeon, and saw 12 of its levels.
You also visited: Ossuary.

You collected 701 gold pieces.
You spent 26 gold pieces at shops.

Inventory:

Hand Weapons
 a - the +2 short sword of Pamaos (weapon) {flame, Str+5}
   (You found it on level 2 of the Dungeon)

   It burns those it strikes, dealing additional fire damage.
   Str:       It affects your strength (+5).
 b - a +0 hunting sling
 j - a +0 long sword
 k - a +0 falchion
 B - a +0 battleaxe
 G - a +4 hand axe of flaming
 O - a +2 dagger of speed
 P - a +0 hand crossbow
 Q - a +3 short sword
Missiles
 f - 159 arrows
 h - 3 datura-tipped darts
 s - 9 boomerangs
 t - 86 bolts
 y - 10 poisoned darts
 H - 270 stones
 R - 2 curare-tipped darts
 V - 36 sling bullets
Jewellery
 i - a +6 ring of strength (left hand)
 p - a ring of wizardry (right hand)
 q - a ring of fire
 v - a +6 ring of strength
 x - a +4 ring of protection
 C - an amulet of faith
 K - a ring of magical power
 U - an amulet of magic regeneration (around neck)
Wands
 M - a wand of charming (7)
 Z - a wand of paralysis (4)
Scrolls
 c - 5 scrolls of teleportation
 e - a scroll of brand weapon
 m - a scroll of fear
 n - 3 scrolls of immolation
 F - a scroll of fog
 N - a scroll of identify
 T - 2 scrolls of enchant weapon
 W - a scroll of summoning
 X - a scroll of silence {unknown}
 Y - a scroll of blinking {unknown}
Potions
 g - 12 potions of curing
 l - 3 potions of brilliance
 o - a potion of degeneration {unknown}
 u - a potion of flight {unknown}
 w - 2 potions of cancellation {unknown}
 z - 3 potions of magic
 A - 2 potions of invisibility
 E - 4 potions of ambrosia {unknown}
 I - 2 potions of mutation {unknown}
 J - 2 potions of lignification {unknown}
 L - a potion of haste {unknown}


   Skills:
 + Level 7.1 Dodging
 + Level 7.9 Stealth
 + Level 7.1 Spellcasting
 + Level 7.6 Conjurations
 + Level 9.0 Fire Magic


You had 4 spell levels left.
You knew the following spells:

 Your Spells              Type           Power      Damage    Failure   Level
a - Foxfire               Conj/Fire      100%       2x1d9     1%          1
b - Scorch                Fire           86%        2d9       1%          2
c - Flame Wave            Conj/Fire      40%        2d9       1%          4
d - Confusing Touch       Hex            7%         N/A       12%         3
e - Slow                  Hex            28%        N/A       4%          1
f - Teleport Other        Tloc           7%         N/A       12%         3
g - Vampiric Draining     Necr           7%         2d6       12%         3
h - Ensorcelled Hibernat  Hex/Ice        14%        N/A       6%          2

Your spell library contained the following spells:

 Spells                   Type           Power      Damage    Failure   Level
 Conjure Flame            Conj/Fire      40%        6-21      1%          3
 Inner Flame              Hex/Fire       25%        N/A       1%          3
 Stone Arrow              Conj/Erth      44%        3d9       2%          3
 Sandblast                Erth           14%        2d6       4%          1
 Passwall                 Tmut/Erth      5%         N/A       6%          2
 Gell's Gravitas          Tloc           7%         N/A       12%         3
 Swiftness                Air            7%         N/A       12%         3
 Dispersal                Tloc           3%         N/A       99%         6


Dungeon Overview and Level Annotations

Branches:
Dungeon (11/15)            Temple (1/1) D:6            Lair (0/6) D:8
Ossuary (visited)
    Orc: D:9-12

Altars:
Ashenzari
Cheibriados
Dithmenos
Elyvilon
Fedhas
Gozag
Hepliaklqana
Kikubaaqudgha
Makhleb
Nemelex Xobeh
Okawaru
Qazlal
Ru
Sif Muna
Trog
Uskayaw
Vehumet
Wu Jian
Xom
Yredelemnul
The Shining One
Beogh

Shops:
D:6 **


Innate Abilities, Weirdness & Mutations

Your life essence is reduced to manifest your ancestor. (-10% HP)
You can breathe blasts of scalding, opaque steam.
Your pale cyan-grey scales are hard. (AC +7)
You cannot fit into any form of body armour.
You are cold-blooded and may be slowed by cold attacks.
You are immune to the effects of steam.


Message History

Casting: Scorch (safe; 1% risk of failure)
Confirm with . or Enter, or press ? or * to list all spells.
You conjure some foxfire!
Andrew Joseph points at the boulder beetle and mumbles some strange words.
The puff of frost hits the boulder beetle but does no damage.
The boulder beetle curls into a ball and begins rolling!
Andrew Joseph hits the boulder beetle with a +0 quarterstaff.
The boulder beetle hits Andrew Joseph!!
The boulder beetle stops rolling and uncurls.
Andrew Joseph casts a spell at the boulder beetle.
The puff of frost hits the boulder beetle but does no damage.
You have got your breath back.
The boulder beetle bites Andrew Joseph!!
Andrew Joseph is destroyed!
Casting: Foxfire (safe; 1% risk of failure)
Confirm with . or Enter, or press ? or * to list all spells.
Nothing appears to happen.
The foxfire hits the boulder beetle but does no damage.
The boulder beetle is moderately wounded.
The boulder beetle curls into a ball and begins rolling!
The boulder beetle hits you!!!
Ouch! That really hurt!
* * * LOW HITPOINT WARNING * * *
The boulder beetle stops rolling and uncurls.
You hear two shouts!
You hit the boulder beetle but do no damage.
You tail-slap the boulder beetle, but do no damage.
The boulder beetle is moderately wounded.
The boulder beetle bites you!
* * * LOW HITPOINT WARNING * * *
Casting: Scorch (safe; 1% risk of failure)
Confirm with . or Enter, or press ? or * to list all spells.
You don't know that spell.
Unknown command.
You feel much better. The boulder beetle closely misses you.
Casting: Scorch (safe; 1% risk of failure)
Confirm with . or Enter, or press ? or * to list all spells.
Flames lash the boulder beetle but do no damage.
The boulder beetle bites you!!
You die...

........##########......
........# ..... #......
........# ..... #......
........#...... #......
#######.#...... #......
#.'...... ####...
#.#...... #... +B#......
#### #@# ..... #
#######.# ..... #
........# [... #
........# .... #
#####...# #...# #...#
#...# #...#


You could see a boulder beetle.

Vanquished Creatures
  Erolcha (D:11)
  2 trolls
  A shadow (D:10)
  A yak (D:9)
  2 steam dragons
  An acid dragon (D:9)
  A water moccasin (D:6)
  An orc warrior (D:7)
  An ice beast (D:6)
  3 sky beasts
  A black bear (D:4)
  4 necrophages
  4 ogres
  5 centaurs
  Blork the orc (D:5)
  2 kobold brigands
  A bullfrog (D:9)
  A gnoll sergeant (D:10)
  5 scorpions
  2 water moccasin zombies (Ossuary)
  2 wyvern zombies
  3 water moccasin skeletons
  A killer bee (D:6)
  3 howler monkeys (D:10)
  4 electric eels (D:6)
  2 centaur zombies
  2 hounds (D:5)
  2 orc priests
  2 bullfrog skeletons
  Terence (D:2)
  5 iguanas
  An orc wizard (D:6)
  A killer bee zombie (D:7)
  A hound skeleton (D:5)
  2 mummies (Ossuary)
  A howler monkey zombie (D:7)
  8 gnolls
  3 adders
  2 shadow imps
  A white imp (D:7)
  An ufetubus (D:5)
  7 adder zombies
  4 worms
  5 dart slugs
  30 orcs
  2 endoplasms
  6 giant cockroaches
  4 gnoll zombies (Ossuary)
  7 hobgoblins
  6 jackals (D:1)
  17 kobolds
  6 quokkas
  7 ball pythons
  4 bats
  4 frilled lizards
  4 goblins
  A goblin zombie (D:6)
  3 hobgoblin zombies (Ossuary)
  6 orc zombies (Ossuary)
  4 rats
  A rat zombie (D:6)
216 creatures vanquished.

Vanquished Creatures (collateral kills)
  2 centaur zombies
  A wraith (D:9)
  2 yaks (D:9)
  An orc warrior (D:10)
  A hornet zombie (D:9)
  An ogre (D:10)
  2 kobold brigands
  A gnoll sergeant (D:11)
  A scorpion (D:6)
  An orc priest (D:10)
  A howler monkey zombie (D:9)
  2 gnolls (D:11)
  9 orcs (D:10)
  A kobold (D:11)
26 creatures vanquished.

Vanquished Creatures (others)
  An iguana (D:7)
  A battlemage (D:11)
  341 foxfires
  9 plants (D:6)
352 creatures vanquished.

Grand Total: 594 creatures vanquished

Notes
Turn   | Place    | Note
-------+----------+-------------------------------------------
     0 | D:1      | croobank the Draconian Fire Elementalist began the quest
                  | for the Orb.
     0 | D:1      | Reached XP level 1. HP: 14/14 MP: 3/3
   129 | D:1      | Reached XP level 2. HP: 20/20 MP: 0/5
   132 | D:1      | Learned a level 2 spell: Scorch
   473 | D:1      | You fall into a shaft and drop 1 floor!
  1017 | D:1      | Reached XP level 3. HP: 26/26 MP: 2/6
  1653 | D:2      | Identified the +2 short sword of Pamaos {flame, Str+5}
  1981 | D:2      | Found a faded altar of an unknown god.
  1986 | D:2      | Reached XP level 4. HP: 33/33 MP: 5/7
  1987 | D:2      | Noticed Terence
  1996 | D:2      | Killed Terence
  2336 | D:3      | Learned a level 4 spell: Flame Wave
  2893 | D:4      | Reached XP level 5. HP: 30/38 MP: 0/9
  3368 | D:4      | Found a sparkling altar of Nemelex Xobeh.
  3369 | D:4      | Found an opulent altar of Gozag.
  3396 | D:4      | Reached skill level 4 in Fire Magic
  3396 | D:4      | Reached XP level 6. HP: 37/45 MP: 4/10
  3401 | D:4      | Learned a level 3 spell: Confusing Touch
  4191 | D:5      | Entered Level 5 of the Dungeon
  4291 | D:5      | Your scales start taking on a pale cyan-grey colour.
  4291 | D:5      | Reached skill level 5 in Fire Magic
  4291 | D:5      | Reached XP level 7. HP: 32/50 MP: 1/12
  4291 | D:5      | Gained mutation: You are immune to the effects of steam.
                  | [Pale Draconian growth]
  5009 | D:5      | Noticed Blork the orc
  5016 | D:5      | Killed Blork the orc
  5433 | D:6      | Reached XP level 8. HP: 48/57 MP: 11/14
  5486 | D:6      | Found a shimmering altar of Xom.
  5486 | D:6      | Found Anak's Assorted Antiques.
  5655 | D:6      | Reached skill level 6 in Fire Magic
  5706 | D:6      | Reached skill level 5 in Stealth
  5739 | D:6      | Found a sand-covered staircase.
  5753 | Ossuary  | Entered an ossuary
  6114 | Ossuary  | Reached skill level 5 in Conjurations
  6251 | D:6      | Reached skill level 5 in Spellcasting
  6392 | D:6      | Reached skill level 5 in Dodging
  6392 | D:6      | Reached XP level 9. HP: 62/62 MP: 16/16
  6627 | D:6      | Found Pufaj's General Store.
  6637 | D:6      | Bought a scroll of identify for 26 gold pieces
  6745 | D:6      | Found a staircase to the Ecumenical Temple.
  6754 | Temple   | Entered the Ecumenical Temple
  6932 | Temple   | Learned a level 1 spell: Slow
  6936 | Temple   | Learned a level 3 spell: Teleport Other
  6940 | Temple   | Learned a level 3 spell: Vampiric Draining
  7081 | Temple   | Became a worshipper of Hepliaklqana the Forgotten
  7171 | D:6      | Reached skill level 7 in Fire Magic
  7272 | D:6      | Found a shimmering blue altar of Sif Muna.
  8277 | D:7      | Reached * piety under Hepliaklqana
  8703 | D:8      | Found a staircase to the Lair.
  9478 | D:9      | Reached XP level 10. HP: 62/62 MP: 17/19
  9516 | D:9      | Reached ** piety under Hepliaklqana
  9517 | D:9      | Remembered your ancestor Andrew Joseph as a battlemage
  9663 | D:9      | Reached skill level 8 in Fire Magic
 10189 | D:10     | Entered Level 10 of the Dungeon
 10934 | D:10     | Reached *** piety under Hepliaklqana
 10943 | D:10     | Learned a level 2 spell: Ensorcelled Hibernation
 11615 | D:11     | Noticed Erolcha
 11622 | D:11     | Killed Erolcha
 11623 | D:11     | Reached skill level 9 in Fire Magic
 11863 | D:11     | Noticed a boulder beetle
 11884 | D:11     | Slain by a boulder beetle

Illustrated notes

Levels and vault maps discovered:
D:1:      dpeg_arrival_central, layout_basic, st_stairs_7
D:2:      layout_basic, shapermc_ecumenical_altar_starsandcircs, uniq_terence
D:3:      layout_rooms
D:4:      layout_cave_pods, grunt_temple_overflow_opulence
D:5:      layout_basic, due_unseen_surprise, uniq_blork_the_orc
D:6:      layout_basic, lemuel_temple_firewalk_a, enter_ossuary_3, serial_shops,
          nicolae_shop_crystal, shop, st_stairs_3, hangedman_feature_mirror,
          chequers_big_river, minmay_fractal_squares_diagonal_5
D:7:      layout_cave_pools
D:8:      layout_rooms, lair_entry_dummy
D:9:      layout_roguey, amcnicky_mini_rare_corridor_liquid
D:10:     layout_grid_maze, special_room [special_room_orc], nrook_campfire,
          wad_floor_pattern_untrapped
D:11:     layout_irregular_city, uniq_snorg, uniq_erolcha
Temple:   mainiacjoe_temple_big_plus

Skill      XL: |  1  2  3  4  5  6  7  8  9 10 |
---------------+-------------------------------+-----
Stealth        | 2 3 4 5 6 7 |  7.9
Dodging        | 2 3 4 5 6 7 |  7.1
Conjurations   | 2 3 4 5 6 7 |  7.6
Spellcasting   | 3 4 5 6 7 |  7.1
Fire Magic     | 4 5 6 7 9 |  9.0

Action                   |  1- 3 |  4- 6 |  7- 9 | 10-12 || total
-------------------------+-------+-------+-------+-------++-------
Melee: Unarmed           |    10 |       |       |       ||    10
       Short sword       |    18 |    50 |   155 |    19 ||   242
       Tailslap          |     4 |     9 |    22 |     3 ||    38
       Punch             |       |     1 |     2 |       ||     3
 Cast: Foxfire           |    64 |    39 |    56 |    36 ||   195
       Scorch            |     4 |    22 |    60 |    45 ||   131
       Flame Wave        |       |     1 |     6 |     1 ||     8
       Confusing Touch   |       |       |     1 |       ||     1
Invok: Ancestor Identity |       |       |     1 |       ||     1
       Ancestor Life: Ba |       |       |       |     1 ||     1
 Abil: Breathe Steam     |       |       |    24 |    12 ||    36
  Use: Scroll            |     2 |     4 |    12 |       ||    18
       Potion            |       |       |     5 |     1 ||     6
 Stab: Sleeping          |       |     2 |     4 |       ||     6
Armor: Skin              |    23 |    28 |    73 |    15 ||   139
Dodge: Dodged            |    46 |    26 |   169 |    28 ||   269
